 Dungeon Crawl Stone Soup version 0.23-a0-703-gdf2d5e0dd9 (webtiles) character file.

234 Infinimo the Chopper (level 6, 0/84 HPs)
             Began as a Hill Orc Fighter on Jan 12, 2019.
             Was an Initiate of Okawaru.
             Slain by an orc priest (3 damage)
             ... on level 4 of the Dungeon.
             The game lasted 00:02:36 (1858 turns).

Infinimo the Chopper (Hill Orc Fighter)             Turns: 1858, Time: 00:02:37

Health: 0/84       AC:  8    Str: 24    XL:     6   Next: 5%
Magic:  6/6        EV:  7    Int: 10    God:    Okawaru [......]
Gold:   152        SH:  9    Dex: 10    Spells: 5/5 levels left

rFire    . . .     SeeInvis .   a - +0 war axe
rCold    . . .     Gourm    .   c - +0 shield
rNeg     . . .     Faith    +   b - +0 scale mail
rPois    .         Spirit   .   (no helmet)
rElec    .         Reflect  .   (no cloak)
rCorr    .         Harm     .   (no gloves)
MR       .....                  h - +0 pair of boots
Stlth    ..........             n - amulet of faith
HPRegen  0.24/turn              (no ring)
MPRegen  0.10/turn              (no ring)

@: berserking, very quick
A: no striking features
a: Renounce Religion, Convert to Beogh


You were on level 4 of the Dungeon.
You worshipped Okawaru.
Okawaru was noncommittal.
You were hungry.

You visited 1 branch of the dungeon, and saw 4 of its levels.

You collected 152 gold pieces.

Inventory:

Hand Weapons
 a - a +0 war axe (weapon)
Armour
 b - a +0 scale mail (worn)
 c - a +0 shield (worn)
 h - a +0 pair of boots (worn)
Jewellery
 g - a +6 ring of dexterity {unknown}
 n - an amulet of faith (around neck)
Scrolls
 l - 3 scrolls of remove curse {unknown}
 o - a scroll of magic mapping
Potions
 d - a potion of might
 e - a potion of lignification
 j - a potion of flight {unknown}
 k - a potion of heal wounds {unknown}
 m - a potion of haste {unknown}
 p - 2 potions of curing
 q - a potion of degeneration {unknown}
Comestibles
 f - 9 rations
 r - 2 chunks of flesh


   Skills:
 + Level 5.3 Fighting
 * Level 6.8 Axes
 - Level 3.2 Armour
 - Level 3.2 Shields


You had 5 spell levels left.
You didn't know any spells.
Your spell library was empty.

Dungeon Overview and Level Annotations

Branches:
Dungeon (4/15)
 Temple: D:4-7

Altars:
Gozag
Hepliaklqana
Kikubaaqudgha
Okawaru
Sif Muna
The Shining One


Message History

You are too injured to fight recklessly!
There is a stone staircase leading down here.
The orc priest invokes the aid of Beogh against you.
Pain shoots through your body!
* * * LOW HITPOINT WARNING * * *
You climb downwards.
A howler monkey comes into view.
The howler monkey howls!
There is a stone staircase leading up here.
The orc priest hits you.
* * * LOW HITPOINT WARNING * * *
A red film seems to cover your vision as you go berserk!
You feel yourself moving faster!
You feel mighty!
The orc priest mumbles some strange prayers to Beogh against you.
Pain shoots through your body!
* * * LOW HITPOINT WARNING * * *
The orc priest is almost dead.
The orc priest is almost dead.
The orc priest hits you.
You die...

#########
#........
#$.......
#@h......
#o.......
...######
..### ###


You could see a howler monkey and an orc priest.

Vanquished Creatures
  A bullfrog (D:3)
  Jessica (D:2)
  A gnoll (D:1)
  5 adders
  An ooze (D:2)
  A worm (D:2)
  4 leopard geckos
  4 orcs (D:3)
  3 ball pythons (D:2)
  8 bats
  A giant cockroach (D:1)
  8 hobgoblins
  12 jackals
  3 kobolds
  5 quokkas
  2 frilled lizards
  10 rats
70 creatures vanquished.

Notes
Turn   | Place    | Note
-------+----------+-------------------------------------------
     0 | D:1      | Infinimo the Hill Orc Fighter began the quest for the Orb.
     0 | D:1      | Reached XP level 1. HP: 19/19 MP: 1/1
    12 | D:1      | Reached skill level 3 in Axes
    37 | D:1      | Reached XP level 2. HP: 23/27 MP: 2/2
   154 | D:1      | Reached skill level 4 in Axes
   154 | D:1      | Reached XP level 3. HP: 25/33 MP: 3/3
   516 | D:2      | Noticed Jessica
   525 | D:2      | Killed Jessica
   525 | D:2      | Reached XP level 4. HP: 41/41 MP: 4/4
   584 | D:2      | Reached skill level 5 in Axes
   982 | D:2      | Found an iron altar of Okawaru.
   989 | D:2      | Found an opulent altar of Gozag.
   989 | D:2      | Found an ancient bone altar of Kikubaaqudgha.
  1001 | D:2      | Found a deep blue altar of Sif Muna.
  1017 | D:2      | Found a hazy altar of Hepliaklqana.
  1050 | D:2      | Became a worshipper of Warmaster Okawaru
  1200 | D:2      | Found a glowing golden altar of the Shining One.
  1290 | D:3      | Reached XP level 5. HP: 45/47 MP: 5/5
  1431 | D:3      | Reached skill level 6 in Axes
  1452 | D:3      | Reached skill level 5 in Fighting
  1810 | D:3      | Reached XP level 6. HP: 38/56 MP: 6/6
  1856 | D:4      | HP: 3/84 [orc priest/nerve-wracking pain (9)]
  1858 | D:4      | Slain by an orc priest

Vault maps used:
D:1:      minmay_arrival_semitransparent, hangedman_decor_growths,
          grunt_decor_mini_mirrors
D:2:      minmay_overflow_temple_star_hex, old_standard_altar, uniq_jessica
D:3:      minmay_diamond_boxcup
D:4:      overflow_temple_1_default, first_ration, uniq_blork_the_orc

Skill      XL: |  1  2  3  4  5 |
---------------+----------------+-----
Axes           | 3 4 5 6 |  6.8
Fighting       | 4 5 |  5.3
Armour         | |  3.2
Shields        | |  3.2

Action                   |  1- 3 |  4- 6 || total
-------------------------+-------+-------++-------
Melee: War axe           |    64 |   153 ||   217
  Use: Scroll            |     4 |     3 ||     7
       Potion            |       |     1 ||     1
  Eat: Chunk             |       |     3 ||     3
Armor: Scale mail        |    33 |    83 ||   116
Dodge: Dodged            |    31 |    57 ||    88
Block: Shield            |    37 |    79 ||   116

Table legend:
 A = Non-vault XP
 B = Vault XP
 C = Vault XP percentage of total XP
 D = Non-vault monster count
 E = Vault monster count
 F = Vault count percentage of total count
                 A         B        C        D         E       F
            +---------+---------+-------+---------+---------+-------
      Total |     298 |      37 |  11.0 |      69 |       1 |   1.4
            +---------+---------+-------+---------+---------+-------
        D:1 |      51 |       0 |   0.0 |      22 |       0 |   0.0
        D:2 |      74 |      37 |  33.3 |      27 |       1 |   3.6
        D:3 |     173 |       0 |   0.0 |      20 |       0 |   0.0
            +---------+---------+-------+---------+---------+-------
